 Dungeon Sprint DCSS version 0.29-a0-613-gf2c431b9b9 (webtiles) character file.

Game seed: 9454370919231522955

2 mhtbhm the Caller (level 1, 0/15 HPs)
             Began as a Tengu Summoner on June 16, 2022.
             Slain by a human (4 damage)
             ... in the Dungeon (Sprint III: "The Ten Rune Challenge").
             The game lasted 00:00:25 (105 turns).

mhtbhm the Caller (Tengu Summoner)                   Turns: 105, Time: 00:00:26

Health: 0/15       AC:  2    Str:  8    XL:     1   Next: 40%
Magic:  2/4        EV: 12    Int: 15    God:
Gold:   0          SH:  0    Dex: 14    Spells: 3/4 levels left

rFire   . . .      SeeInvis .   (no weapon)
rCold   . . .      Faith    .   (no shield)
rNeg    . . .      Spirit   .   a - +0 robe
rPois   .          Reflect  .   (helmet restricted)
rElec   .          Harm     .   (no cloak)
rCorr   .          Rampage  .   (no gloves)
Will    .....      NoTele   +   (boots unavailable)
Stlth   ..........              (no amulet)
HPRegen 0.05/turn               (no ring)
MPRegen 0.09/turn               (no ring)

@: berserking, very quick
A: beak, talons 3
a: no special abilities


You were in the Dungeon.
You visited 1 branch

Inventory:

Armour
 a - a +0 robe (worn)
Scrolls
 g - 2 scrolls of blinking
Potions
 b - 3 potions of magic
 c - a potion of curing
 e - a potion of haste


   Skills:
 + Level 2.3 Dodging
 + Level 2.1 Stealth
 + Level 2.1 Spellcasting
 + Level 5.7 Summonings


You had 3 spell levels left.
You knew the following spells:

 Your Spells              Type           Power      Damage    Failure   Level
a - Summon Small Mammal   Summ           72%        N/A       1%          1

Your spell library contained the following spells:

 Spells                   Type           Power      Damage    Failure   Level
 Call Imp                 Summ           18%        N/A       3%          2
 Call Canine Familiar     Summ           18%        N/A       6%          3
 Summon Guardian Golem    Hex/Summ       10%        N/A       21%         3
 Summon Lightning Spire   Summ/Air       10%        N/A       56%         4


Dungeon Overview and Level Annotations

Branches:
Dungeon (1/1)

Altars:


Innate Abilities, Weirdness & Mutations

You have a beak for a mouth.
You have claws for feet.


Message History

Casting: Summon Small Mammal (safe; 1% risk of failure)
Confirm with . or Enter, or press ? or * to list all spells.
Casting: Summon Small Mammal (safe; 1% risk of failure)
Confirm with . or Enter, or press ? or * to list all spells.
Your bat completely misses the human.
Your bat completely misses the human.
The human closely misses your bat.
Your quokka barely misses the human.
The human misses your bat.
Your bat misses the human.
Your bat hits the human but does no damage.
Your quokka misses the human.
Casting: Summon Small Mammal (safe; 1% risk of failure)
Confirm with . or Enter, or press ? or * to list all spells.
Your quokka disappears in a puff of smoke!
Your bat closely misses the human.
Your bat hits the human but does no damage.
Your bat misses the human. The human attacks as you move away!
The human hits you.
Your bat completely misses the human.
Your bat barely misses the human.
Your bat closely misses the human.
Your bat completely misses the human.
The human hits you!
Ouch! That really hurt!
* * * LOW HITPOINT WARNING * * *
Your bat hits the human.
You feel much better.
Your bat hits the human but does no damage.
The human hits you.
A red film seems to cover your vision as you go berserk!
You feel yourself moving faster!
You feel mighty!
Your bat barely misses the human. x2; The human hits you!
Ouch! That really hurt!
* * * LOW HITPOINT WARNING * * *
You punch the human! Your kick misses the human. Your peck misses the human.
The human is moderately wounded.
Your bat closely misses the human.
Your bat hits the human. You hit the human. Your kick misses the human.
The human is moderately wounded.
Your bat barely misses the human.
Your bat hits the human but does no damage.
The human hits you.
You die...

▓.....#
▓....†#...≈≈.♣♣♣
▓.....#..≈≈≈≈♣.♣
▓####'#..≈≈≈≈≈≈♣♣
▓(....#.≈≈≈≈≈≈...
▓.....#.≈≈≈≈≈....
▓.....#.≈≈≈......
▓'#####b.........
▓....@pb.........
▓▓▓▓▓▓▓▓▓▓▓▓▓▓▓▓▓


You could see a human (ally target) and 2 friendly bats.

Vanquished Creatures (collateral kills)
  4 rats (D)
4 creatures vanquished.

Notes
Turn   | Place    | Note
-------+----------+-------------------------------------------
     0 | D        | mhtbhm the Tengu Summoner began the quest for the Orb.
     0 | D        | Reached XP level 1. HP: 10/10 MP: 4/4
     5 | D        | Reached skill level 5 in Summonings
   105 | D        | Slain by a human

Illustrated notes

Levels and vault maps discovered:
D:        dungeon_sprint_mu [sprint_mu_entry_forest, sprint_mu_temple_rooms,
          sprint_mu_d1_spiders, sprint_mu_d2_genie, sprint_mu_d3_branching,
          sprint_mu_orc_legion, sprint_mu_elf_gauntlet, sprint_mu_hive_nellie,
          sprint_mu_lair_fedhas, sprint_mu_vaults_butterflies,
          sprint_mu_slime_circle, sprint_mu_swamp_cave, sprint_mu_shoals_archi,
          sprint_mu_blade_basic, sprint_mu_crypt_fortress,
          sprint_mu_tomb_spiral, sprint_mu_vestibule_basic,
          sprint_mu_gehenna_hellfire, sprint_mu_dis_giant,
          sprint_mu_tartarus_statrot, sprint_mu_cocytus_islands, sprint_mu_zot1]

Skill      XL: |  1 |
---------------+----+-----
Summonings     | 5 |  5.7
Dodging        | |  2.3
Stealth        | |  2.1
Spellcasting   | |  2.1

Action                   || total
-------------------------++-------
Melee: Unarmed           ||     2
 Cast: Summon Small Mamm ||     5
  Use: Potion            ||     2

Table legend: (Time is in decaauts)
 A = Elapsed time spent in this place.
 B = Non-inter-level travel time spent in this place.
 C = Inter-level travel time spent in this place.
 D = Time resting spent in this place.
 E = Time spent auto-exploring this place.
 F = Levels seen in this place.
 G = Mean time per level.
                   A        B        C        D        E       F      G
               +--------+--------+--------+--------+--------+-----+--------+
         Total |    104 |    104 |      0 |     52 |      1 |   1 |  104.0 |
       Dungeon |    104 |    104 |      0 |     52 |      1 |   1 |  104.0 |
               +--------+--------+--------+--------+--------+-----+--------+

Top non-repeatable levels by time:
       D: 104 daAuts
